 Dungeon Crawl Stone Soup version 0.22-a0-358-g7563fe7 (webtiles) character file.

165 grindst0ne the Skirmisher (level 5, -5/42 HPs)
             Began as a Mummy Fighter on Apr 18, 2018.
             Slain by Robin
             ... wielding a +3 trident
              (6 damage)
             ... on level 3 of the Dungeon.
             The game lasted 00:04:03 (1938 turns).

grindst0ne the Skirmisher (Mummy Fighter)           Turns: 1938, Time: 00:04:04

Health: -5/42      AC:  6    Str: 20    XL:     5   Next: 22%
Magic:  5/5        EV:  7    Int:  8    God:
Gold:   97         SH:  9    Dex: 11    Spells: 4/4 levels left

rFire    x . .     SeeInvis .   a - +0 flail
rCold    + . .     Gourm    .   c - +0 shield
rNeg     + + +     Faith    .   b - +0 scale mail
rPois    ∞         Spirit   .   (no helmet)
rElec    .         Reflect  .   (no cloak)
rCorr    .         Harm     .   (no gloves)
MR       .....                  (no boots)
Stlth    ..........             (no amulet)
HPRegen  0.14/turn              (no ring)
MPRegen  0.09/turn              (no ring)

@: no status effects
A: no food or potions, fire vulnerability, cold resistance 1, negative energy
resistance 3, torment resistance, unbreathing
a: no special abilities


You were on level 3 of the Dungeon.
You were not hungry.

You visited 1 branch of the dungeon, and saw 4 of its levels.

You collected 97 gold pieces.

Inventory:

Hand Weapons
 a - a +0 flail (weapon)
Armour
 b - a +0 scale mail (worn)
 c - a +0 shield (worn)
Jewellery
 i - an uncursed ring of positive energy {unknown}
Scrolls
 e - a scroll of identify
 f - a scroll of magic mapping
 g - 4 scrolls of remove curse {unknown}
 h - 2 scrolls of teleportation {unknown}


   Skills:
 + Level 4.2 Fighting
 + Level 2.9 Maces & Flails
 - Level 2.4 Armour
 + Level 3.4 Shields


You had 4 spell levels left.
You didn't know any spells.

Dungeon Overview and Level Annotations

Branches:
Dungeon (4/15)
 Temple: D:4-7

Altars:
Ashenzari
Dithmenos
Elyvilon
Okawaru

Annotations:
D:2 Sigmund
D:3 Robin


Innate Abilities, Weirdness & Mutations

You do not eat or drink.
Your flesh is vulnerable to fire.
You are immune to poison.
Your flesh is cold resistant. (rC+)
You are immune to negative energy. (rN+++)
You are immune to unholy pain and torment.
You can survive without breathing.


Message History

Robin throws the goblin at you!
* * * LOW HITPOINT WARNING * * *
You block the goblin's attack. The hobgoblin barely misses you.
You block Robin's attack. You block the goblin's attack.
The hobgoblin hits you with a club.
* * * LOW HITPOINT WARNING * * *
You sock the hobgoblin!
You kill the hobgoblin!
The goblin hits you but does no damage.
You can't drink.
Okay, then.
You aren't carrying any items that you can evoke.
You sock the goblin!
You kill the goblin!
The hobgoblin barely misses you.
You closely miss the hobgoblin. The hobgoblin hits you with a club.
* * * LOW HITPOINT WARNING * * *
Robin hits you from afar with an enchanted trident.
You die...

#.....#..<.+....##
#.....#....####..#
#.........## #..##
#..g...#### #...#
#g.....# ##..## #g####.#
#...#
####g.gg#.##########..##
#...?.#g#........# #...#
#.##..#@#........# #.#.#
#.###.#..........# #...#
#.....#.##.......####..#
##...##..........+....>#
###...##.#........#######
#......###.########
#......# #.# #......# #.#
#......# #.#


You could see Robin and 2 hobgoblins.

Vanquished Creatures
  A hound (D:4)
  An orc wizard (D:2)
  2 adders (D:2)
  A shadow imp (D:4)
  A worm (D:3)
  A dart slug (D:1)
  3 leopard geckos (D:1)
  8 orcs
  2 giant cockroaches
  9 goblins
  4 hobgoblins
  4 jackals
  8 kobolds
  2 quokkas (D:2)
  2 ball pythons
  7 bats
  6 frilled lizards
  4 rats
66 creatures vanquished.

Vanquished Creatures (others)
  An adder (D:2)
1 creature vanquished.

Grand Total: 67 creatures vanquished

Notes
Turn   | Place    | Note
-------+----------+-------------------------------------------
     0 | D:1      | grindst0ne the Mummy Fighter began the quest for the Orb.
     0 | D:1      | Reached XP level 1. HP: 18/18 MP: 1/1
    91 | D:1      | Reached XP level 2. HP: 18/24 MP: 2/2
   656 | D:1      | Reached XP level 3. HP: 23/29 MP: 3/3
   828 | D:2      | Found a shattered altar of Ashenzari.
  1115 | D:2      | Found a faded altar of an unknown god.
  1123 | D:2      | Found a white marble altar of Elyvilon.
  1189 | D:2      | Reached XP level 4. HP: 25/37 MP: 4/4
  1218 | D:2      | You fall through a shaft for 2 floors!
  1230 | D:4      | Reached skill level 4 in Fighting
  1456 | D:3      | Reached XP level 5. HP: 39/42 MP: 5/5
  1508 | D:2      | Noticed Sigmund
  1793 | D:3      | Found a shadowy altar of Dithmenos.
  1879 | D:3      | Found an iron altar of Okawaru.
  1910 | D:3      | Noticed Robin
  1938 | D:3      | HP: 1/42 [hobgoblin/club[Robin] (4)]
  1938 | D:3      | Slain by Robin

Vault maps used:
D:1:      dpeg_arrival_concentric_ovals, minmay_split_cup_large
D:2:      elyvilon_altar_4, nicolae_overflow_crystal_walls, ashenzari_altar_1,
          chequers_ecumenical_altar_island, uniq_sigmund
D:3:      grunt_dithmenos_smoke, lemuel_crystal_altar, vehumet_crystals,
          uniq_terence, uniq_robin
D:4:      old_standard_altar, minivault_25, cheibriados_altar_1

Skill      XL: |  1  2  3  4 |
---------------+-------------+-----
Maces & Flails | 2 |  2.9
Shields        | 3 |  3.4
Fighting       | 4 |  4.2
Armour         | |  2.4

Action                   |  1- 3 |  4- 6 || total
-------------------------+-------+-------++-------
Melee: Flail             |   190 |   117 ||   307
  Use: Scroll            |       |     2 ||     2
Armor: Scale mail        |   113 |    56 ||   169
Dodge: Dodged            |    65 |    47 ||   112
Block: Shield            |   111 |    71 ||   182

Table legend:
 A = Spawn XP
 B = Non-spawn XP
 C = Spawn XP percentage of total XP
 D = Spawn monster count
 E = Non-spawn monster count
 F = Spawn count percentage of total count
 G = Total turns spent on level
                    A         B        C        D         E        F      G
               +---------+---------+-------+---------+---------+-------+---------
         Total |       0 |     237 |   0.0 |       0 |      66 |   0.0 |  1938
               +---------+---------+-------+---------+---------+-------+---------
           D:1 |       0 |      45 |   0.0 |       0 |      26 |   0.0 |   828
           D:2 |       0 |      95 |   0.0 |       0 |      18 |   0.0 |   442
           D:3 |       0 |      45 |   0.0 |       0 |      20 |   0.0 |   464
           D:4 |       0 |      52 |   0.0 |       0 |       2 |   0.0 |   204
               +---------+---------+-------+---------+---------+-------+---------
